Map: Tropical Sacrifice

Players

Solar - Winner!

  • Race: Zerg Zerg
  • League: Master
  • Spawn Location: 1:00

LiquidElazer (Elazer)

  • Race: Zerg Zerg
  • Spawn Location: 7:00

Event: HomeStory Cup XXII

VOD

Have the link to the VOD?

Description

Time

  • Played on: Dec. 17, 2022, 6:13 a.m.
  • Length: 7:51

All games in this series

Show
View Real Time Build Order
Export as new Build Order

Solar Zerg - Winner!

Build Orders: Hatch First 

Get SALT Encoding   

  12  0:00  Drone  
  13  0:13  Overlord  
  13  0:17  Drone  
  14  0:31  Drone x2  
  16  0:49  Hatchery  
  15  0:52  Drone  
  15  0:55  Drone  
  17  0:59  Drone  
  18  1:09  Extractor  
  17  1:15  Spawning Pool  
  17  1:18  Drone  
  17  1:21  Drone  
  18  1:29  Drone  
  19  1:39  Drone  
  20  1:53  Drone  
  21  2:01  Queen x2  
  21  2:02  Zergling x2  
  21  2:03  Overlord  
  26  2:10  Metabolic Boost  
  26  2:13  Drone  
  26  2:14  Drone  
  28  2:23  Zergling x2  
  28  2:25  Drone  
  30  2:36  Hatchery  
  29  2:38  Zergling x2  
  29  2:43  Drone  
  31  2:46  Overlord  
  31  2:50  Drone  
  32  2:57  Drone  
  33  2:59  Drone  
  33  3:05  Zergling x2, Drone  
  35  3:11  Zergling x10  
  41  3:13  Zergling x2  
  41  3:19  Roach Warren  
  41  3:26  Overlord  
  41  3:27  Drone  
  41  3:42  Overlord  
  41  3:43  Drone  
  42  3:51  Queen  
  44  3:59  Roach x6  
  56  4:03  Roach  
  56  4:06  Roach  
  59  4:10  Overlord  
  59  4:12  Drone x2  
  59  4:17  Drone x2  
  63  4:24  Drone x2  
  65  4:25  Evolution Chamber  
  65  4:26  Extractor  
  65  4:30  Drone  
  65  4:31  Drone x2  
  66  4:32  Drone  
  66  4:38  Overlord  
  66  4:39  Drone  
  66  4:40  Drone  
  66  4:42  Drone  
  69  4:46  Drone  
  69  4:47  Drone  
  69  4:50  Drone, Extractor  
  71  4:56  Queen  
  71  4:58  Drone  
  71  4:59  Drone  
  73  5:01  Zerg Missile Weapons Level 1  
  73  5:03  Roach  
  73  5:05  Roach  
  77  5:10  Roach  
  79  5:17  Overlord  
  79  5:18  Roach, Overlord  
  79  5:20  Overlord  
  81  5:25  Overlord  
  81  5:27  Overlord  
  81  5:34  Overlord  
  81  5:37  Roach x3  
  81  5:41  Roach x2  
  91  5:43  Roach  
  91  5:49  Roach x3  
  99  5:54  Roach x2  
  102  5:57  Roach  
  102  5:58  Roach  
  102  6:01  Roach  
  102  6:04  Overlord  
  108  6:06  Roach  
  110  6:11  Roach x2  
  110  6:12  Roach  
  110  6:13  Zergling x2  
  110  6:16  Zergling x4  
  119  6:20  Zergling x6  
  119  6:24  Ravager x2  
  124  6:29  Zergling x10  
  124  6:31  Zergling x2  
  130  6:33  Zergling x2  
  131  6:40  Overlord  
  131  6:41  Zergling x8  
  131  6:45  Overlord  
  131  6:46  Ravager  
  131  6:47  Ravager  
  137  6:51  Zergling x2  
  135  6:55  Zergling x10  
  135  6:59  Zergling x4  
  135  7:05  Zergling x2, Ravager  
  135  7:10  Ravager  
  135  7:13  Zergling x6  
  135  7:14  Ravager  
  133  7:21  Zergling x4  
  127  7:30  Ravager  
  127  7:31  Zergling x6  
Show
View Real Time Build Order
Export as new Build Order

LiquidElazer Zerg 

Build Orders: Hatch First 

Get SALT Encoding   

  12  0:00  Drone  
  13  0:13  Overlord  
  13  0:17  Drone  
  14  0:31  Drone x2  
  16  0:49  Hatchery  
  15  0:52  Drone  
  15  0:55  Drone  
  17  0:59  Drone  
  18  1:09  Extractor  
  17  1:15  Spawning Pool  
  17  1:17  Drone  
  17  1:21  Drone  
  18  1:29  Drone  
  19  1:39  Drone  
  20  1:50  Drone  
  21  2:01  Queen x2  
  21  2:02  Zergling x2  
  21  2:03  Overlord  
  26  2:09  Metabolic Boost  
  26  2:11  Drone  
  26  2:13  Drone  
  28  2:23  Zergling x2  
  28  2:24  Drone  
  30  2:35  Hatchery  
  29  2:38  Drone  
  29  2:42  Drone  
  31  2:47  Drone  
  32  2:55  Drone  
  32  2:57  Baneling Nest, Overlord  
  32  3:00  Drone  
  33  3:05  Drone x2  
  33  3:10  Zergling x2  
  33  3:11  Overlord  
  36  3:16  Zergling x4  
  38  3:21  Zergling x4  
  38  3:25  Zergling x4  
  42  3:32  Zergling x2  
  42  3:33  Zergling x2  
  44  3:40  Baneling  
  44  3:41  Baneling x2  
  44  3:43  Queen  
  44  3:46  Queen  
  47  3:50  Drone x4  
  51  3:58  Drone x4  
  55  4:06  Overlord  
  54  4:11  Drone x3  
  54  4:15  Extractor  
  56  4:17  Roach Warren, Overlord  
  56  4:21  Overlord  
  54  4:27  Zergling x6  
  57  4:35  Zergling x12  
  63  4:40  Overlord  
  63  4:42  Drone x2  
  65  4:46  Overlord  
  65  4:50  Drone x2  
  67  4:58  Drone x2  
  67  5:04  Drone x6  
  67  5:06  Extractor  
  71  5:10  Overlord  
  71  5:12  Lair  
  71  5:16  Drone x4  
  71  5:20  Drone x2  
  77  5:24  Drone  
  77  5:29  Overlord  
  77  5:33  Drone x2  
  79  5:40  Extractor  
  79  5:42  Extractor  
  77  5:43  Drone x7  
  77  5:46  Overlord  
  77  5:49  Roach x3  
  90  5:58  Roach x3  
  90  6:03  Hatchery  
  95  6:04  Drone x3  
  95  6:06  Drone x2, Extractor  
  95  6:08  Drone x3  
  102  6:16  Spire  
  102  6:17  Roach x2  
  105  6:22  Overlord  
  104  6:26  Roach  
  104  6:27  Roach x3  
  104  6:29  Overlord  
  104  6:31  Overlord  
  112  6:37  Overlord  
  112  6:38  Roach  
  114  6:43  Roach x4  
  122  6:48  Roach x3  
  122  6:52  Roach  
  129  6:58  Roach x4  
  132  7:06  Roach x3  
  130  7:12  Roach x6  
  124  7:17  Roach  
  124  7:18  Roach  
  118  7:23  Roach x2  
  96  7:32  Roach x2  
Tags
 
Add a new tag
Caveats
  • Supply blocks, unpowered buildings, or Contaminate may cause inaccurate times.
  • Supply counts are checked every 10 seconds.